 Dungeon Crawl Stone Soup version 0.29.1-12-g30fa7ad0bf (webtiles) character file.

Game seed: 4616251391059022533

919 zlionsfan the Slasher (level 8, -5/61 HPs)
             Began as a Formicid Fighter on Jan 16, 2023.
             Was a Follower of Makhleb.
             Slain by a bullfrog (6 damage)
             ... in a sewer.
             The game lasted 00:15:13 (4309 turns).

zlionsfan the Slasher (Formicid Fighter)            Turns: 4309, Time: 00:15:14

Health: -5/61      AC: 17    Str: 21 (22) XL:     8   Next: 31%
Magic:  8/8        EV:  8    Int:  9      God:    Makhleb [*.....]
Gold:   156        SH:  5    Dex: 13      Spells: 7/7 levels left

rFire   . . .      SeeInvis +   a - +0 long sword
rCold   + . .      Faith    .   c - +0 buckler
rNeg    . . .      Spirit   .   r - +4 chain mail {rC+}
rPois   .          Reflect  .   (helmet unavailable)
rElec   .          Harm     .   (no cloak)
rCorr   .          Rampage  .   p - +2 pair of gloves
Will    .....                   (no boots)
Stlth   ..........              (no amulet)
HPRegen 0.20/turn               (no ring)
MPRegen 0.11/turn               (no ring)

@: weak-willed
A: permanent stasis, dig shafts and tunnels, antennae 3, four strong arms
a: Dig, Renounce Religion


You were in a sewer.
You worshipped Makhleb.
Makhleb was aware of your devotion.
You visited 2 branches of the dungeon, and saw 6 of its levels.
You also visited: Sewer.

You collected 192 gold pieces.
You spent 36 gold pieces at shops.

Inventory:

Hand Weapons
 a - a +0 long sword (weapon)
 b - a +3 longbow of flaming
Armour
 c - a +0 buckler (worn)
 p - a +2 pair of gloves (worn)
 r - a +4 chain mail of cold resistance (worn)
Jewellery
 n - a ring of fire
Scrolls
 f - a scroll of immolation
 h - a scroll of summoning {unknown}
 i - 2 scrolls of butterflies
 j - a scroll of amnesia
 m - a scroll of poison
 o - a scroll of teleportation
Potions
 d - a potion of brilliance {unknown}
 e - a potion of might
 q - a potion of flight
 s - 3 potions of mutation {unknown}


   Skills:
 + Level 4.9 Fighting
 * Level 5.8 Long Blades
 * Level 3.8 Ranged Weapons
 + Level 5.0 Armour
 + Level 1.2 Dodging
 + Level 0.7 Stealth
 + Level 5.0 Shields


You had 7 spell levels left.
You didn't know any spells.
Your spell library contained the following spells:

 Spells                   Type           Power      Damage    Failure   Level
 Call Canine Familiar     Summ           0%         N/A       100%        3
 Dazzling Flash           Conj/Hex       0%         N/A       100%        3
 Gell's Gravitas          Tloc           0%         N/A       100%        3
 Lesser Beckoning         Tloc           0%         N/A       100%        3
 Portal Projectile        Hex/Tloc       0%         N/A       100%        3
 Teleport Other           Tloc           0%         N/A       100%        3
 Leda's Liquefaction      Hex/Erth       0%         N/A       100%        4
 Agony                    Necr           0%         N/A       100%        5
 Silence                  Hex/Air        0%         N/A       100%        5


Dungeon Overview and Level Annotations

Branches:
Dungeon (5/15)             Temple (1/1) D:4           Sewer (1/1)

Altars:
Ashenzari
Elyvilon
Fedhas
Hepliaklqana
Kikubaaqudgha
Makhleb
Nemelex Xobeh
Okawaru
Qazlal
Ru
Sif Muna
Uskayaw
Vehumet
Wu Jian
Yredelemnul
The Shining One

Shops:
D:3 !   D:4 [


Innate Abilities, Weirdness & Mutations

You cannot be hasted, slowed, berserked, paralysed or teleported.
You can dig through walls and to a lower floor.
You have a pair of large antennae on your head. (SInv)
Your four strong arms can wield two-handed weapons with a shield.


Message History

The bullfrog hits you but does no damage. x2
You block the bullfrog's attack.
You closely miss the bullfrog.
The bullfrog is almost dead.
You block the bullfrog's attack.
The bullfrog hits you but does no damage.
The bullfrog hits you.
* * * LOW HITPOINT WARNING * * *
The bullfrog hits you but does no damage.
The air fills with toxic fumes!
As you read the scroll labelled VIHITZ YKUFO, it crumbles to dust.
It was a scroll of poison.
The bullfrog hits you but does no damage. x2
As you read the scroll labelled SUYGAI OPPOD, it crumbles to dust.
You feel a strange sense of stasis.
It was a scroll of teleportation.
The bullfrog hits you.
* * * LOW HITPOINT WARNING * * *
The bullfrog hits you.
* * * LOW HITPOINT WARNING * * *
The bullfrog hits you but does no damage.
The bullfrog barely misses you.
As you read the scroll labelled OLOUHU LUUN, it crumbles to dust.
It is a scroll of amnesia.
You feel forgetful for a moment. The bullfrog closely misses you.
The bullfrog barely misses you.
As you read the scroll labelled FAODAKH VAYVVE, it crumbles to dust.
Magic quickly surges around you.
It was a scroll of vulnerability.
The bullfrog barely misses you.
The bullfrog hits you but does no damage. x3
As you read the scroll labelled YNETOR TEORPH, it crumbles to dust.
Your stasis prevents you from teleporting.
It was a scroll of blinking.
The bullfrog closely misses you.
The bullfrog hits you but does no damage.
As you read the scroll labelled YCEVUH YLUTH, it crumbles to dust.
You feel aware of your surroundings.
You sensed 1 shop/portal.
It was a scroll of magic mapping.
The bullfrog hits you.
* * * LOW HITPOINT WARNING * * *
The bullfrog hits you but does no damage.
The bullfrog hits you.
You die...

#.....###..#
##...†
#§~§§§§#####
#~≈≈~≈
#§≈§§§§#
#≈~~†~
#§≈§§§§#
#~~~~~
#§~§§§§#
#~≈≈≈≈
#§≈§§§§#
#~††≈≈
#§#☼§§§#
##....
#§§§§§☼#
#≈..).
#§@§§§§#
#≈....
#§FF§§§#
#≈≈~≈~
#§§§§§§#
#≈≈≈~≈
#§#§§§§#
#≈≈≈~~
#§≈☼§§§#
#≈≈~≈~
#☼~§§§§#
#≈~≈~≈
#§≈☼§§☼#
#≈~≈≈≈
#§~§#§§#
#≈~~~~
#......#
#.....


You could see 2 bullfrogs.

Vanquished Creatures
  Sigmund (D:2)
  A steam dragon (D:4)
  2 water moccasins (D:5)
  A bullfrog (D:4)
  A howler monkey (D:4)
  Jessica (D:2)
  Ijyb (D:3)
  An orc wizard (D:4)
  Robin (D:3)
  4 river rats (Sewer)
  6 adders
  4 worms
  5 orcs
  2 bats
  6 endoplasms
  3 giant cockroaches
  12 goblins
  7 hobgoblins
  4 jackals (D:2)
  A quokka (D:2)
  20 ball pythons
  6 frilled lizards
  6 kobolds
  27 rats
123 creatures vanquished.

Vanquished Creatures (others)
  An orc (D:4)
1 creature vanquished.

Grand Total: 124 creatures vanquished

Notes
Turn   | Place    | Note
-------+----------+-------------------------------------------
     0 | D:1      | zlionsfan the Formicid Fighter began the quest for the Orb.
     0 | D:1      | Reached XP level 1. HP: 18/18 MP: 1/1
     6 | D:1      | Noticed a water moccasin
     6 | D:1      | Noticed a komodo dragon
     6 | D:1      | Noticed a redback
     6 | D:1      | Noticed a wolf
   180 | D:1      | Reached XP level 2. HP: 24/24 MP: 2/2
   708 | D:2      | Found a faded altar of an unknown god.
   710 | D:2      | Noticed Jessica
   714 | D:2      | Killed Jessica
   715 | D:2      | Reached XP level 3. HP: 30/30 MP: 3/3
   856 | D:2      | Reached skill level 1 in Ranged Weapons
   856 | D:2      | Reached XP level 4. HP: 32/37 MP: 4/4
   970 | D:2      | Noticed Sigmund
   985 | D:2      | HP: 1/37 [Sigmund/+0 scythe (7)]
   989 | D:2      | Killed Sigmund
   990 | D:2      | Reached XP level 5. HP: 11/42 MP: 5/5
   990 | D:2      | Reached XP level 6. HP: 12/48 MP: 6/6
  1739 | D:3      | Noticed Ijyb
  1776 | D:3      | Killed Ijyb
  2088 | D:3      | Noticed Robin
  2133 | D:3      | Killed Robin
  2613 | D:3      | Found Icvavvan's Distillery.
  2618 | D:3      | Bought a potion of curing for 36 gold pieces
  2689 | D:4      | Identified a scroll of acquirement
  2690 | D:4      | Acquired a +3 longbow of flaming
  2755 | D:4      | Reached XP level 7. HP: 51/54 MP: 7/7
  2763 | D:4      | Noticed a steam dragon
  2790 | D:4      | Killed a steam dragon
  2947 | D:4      | Reached skill level 5 in Long Blades
  2947 | D:4      | Reached skill level 1 in Dodging
  3248 | D:4      | Found Joninut's Antique Armour Emporium.
  3287 | D:4      | Found a staircase to the Ecumenical Temple.
  3296 | Temple   | Entered the Ecumenical Temple
  3301 | Temple   | Became a worshipper of Makhleb the Destroyer
  3408 | D:5      | Entered Level 5 of the Dungeon
  3408 | D:5      | Found a shimmering blue altar of Sif Muna.
  3417 | D:5      | Noticed a water moccasin
  3472 | D:5      | Killed a water moccasin
  3473 | D:5      | Reached XP level 8. HP: 23/61 MP: 8/8
  3686 | D:5      | Reached skill level 5 in Shields
  3692 | D:5      | Found a glowing drain.
  3707 | Sewer    | Entered a sewer
  4064 | Sewer    | Reached skill level 5 in Armour
  4081 | Sewer    | Reached * piety under Makhleb
  4305 | Sewer    | HP: 2/61 [bullfrog (6)]
  4309 | Sewer    | Slain by a bullfrog

Illustrated notes

Levels and vault maps discovered:
D:1:      onia_arrival_zoo_common, layout_rooms
D:2:      layout_rooms, basic_ecumenical_altar,
          minmay_fractal_squares_gapless_5, uniq_jessica, uniq_sigmund
D:3:      layout_basic, serial_shops, shop, minmay_close_crescents, uniq_ijyb,
          uniq_robin
D:4:      layout_rooms, minmay_temple_entry_trees, serial_shops, shop
D:5:      layout_basic, amcnicky_altar_gilded, kennysheep_mini,
          cheibrodos_sewer_entry_drain, nicolae_ossuary_entry_monument,
          minmay_statues_item, uniq_eustachio
Temple:   minmay_freezing_vapour_temple
Sewer:    sewer_minmay_w

Skill      XL: |  1  2  3  4  5  6  7  8 |
---------------+-------------------------+-----
Ranged Weapons | 1 2 3 |  3.8
Fighting       | 4 |  4.9
Long Blades    | 3 4 5 |  5.8
Armour         | 4 5 |  5.0
Dodging        | 1 |  1.2
Shields        | 5 |  5.0
Stealth        | |  0.7

Action                   |  1- 3 |  4- 6 |  7- 9 || total
-------------------------+-------+-------+-------++-------
Melee: Long sword        |    58 |   188 |   218 ||   464
 Fire: Arbalest          |     9 |    14 |       ||    23
       Longbow           |       |     8 |    42 ||    50
  Use: Potion            |       |     4 |     6 ||    10
       Scroll            |       |     8 |     9 ||    17
Armor: Scale mail        |    20 |    43 |       ||    63
       Chain mail        |       |    71 |   309 ||   380
Dodge: Dodged            |    31 |    82 |   165 ||   278
Block: Buckler           |    11 |    48 |   102 ||   161
